 Dungeon Sprint DCSS version 0.20-a0-268-gb6bde61 (webtiles) character file.

252 Faca the Blocker (level 6, -5/52 HPs)
             Began as a Formicid Fighter on Dec 8, 2016.
             Was an Initiate of Okawaru.
             Slain by a hill giant
             ... wielding a +0 giant club
              (16 damage)
             ... in the Dungeon (Sprint IX: "|||||||||||||||||||||||||||||").
             The game lasted 00:02:00 (376 turns).

Faca the Blocker (Formicid Fighter)                  Turns: 376, Time: 00:02:00

Health: -5/52      AC:  9    Str: 28    XL:     6   Next: 36%
Magic:  6/6        EV: 12    Int:  2    God:    Okawaru [......]
Gold:   0          SH: 12    Dex: 15    Spells: 5/5 levels left

rFire  . . .     SeeInvis +     p - +2 morningstar of Cesecedgh {freeze, Str+4 Int-5}
rCold  . . .     Gourm    .     r - +1 scale mail
rNeg   . . .     Faith    .     c - +0 shield
rPois  .         Spirit   .     (helmet unavailable)
rElec  .         Reflect  .     (no cloak)
rCorr  .         Harm     .     (no gloves)
MR     .....                    q - +0 pair of boots
Stlth  ..........               (no amulet)
                                t - +3 ring of strength
                                s - +3 ring of dexterity

@: no status effects
A: permanent stasis, dig shafts and tunnels, four strong arms, antennae 3
a: Dig, Renounce Religion


You were in the Dungeon.
You worshipped Okawaru.
Okawaru was noncommittal.
You were not hungry.

You visited 1 branch

Inventory:

Hand Weapons
 a - a +0 flail
 p - the +2 morningstar of Cesecedgh (weapon) {freeze, Str+4 Int-5}
   (You found it in the Dungeon)

   It has been specially enchanted to freeze those struck by it, causing extra
   injury to most foes and up to half again as much damage against particularly
   susceptible opponents.
   It can also slow down cold-blooded creatures.
   It affects your strength (+4).
   It affects your intelligence (-5).
Armour
 c - a +0 shield (worn)
 q - a +0 pair of boots (worn)
 r - a +1 scale mail (worn)
Jewellery
 s - a +3 ring of dexterity (left hand)
 t - a +3 ring of strength (right hand)
Wands
 o - a wand of lightning (7/15)
Scrolls
 m - 3 scrolls of remove curse
 n - 2 scrolls of amnesia
Potions
 d - a potion of might
 e - 5 potions of curing
 g - 3 potions of heal wounds
 i - 4 potions of magic
 l - a potion of invisibility
Comestibles
 f - a bread ration


   Skills:
 + Level 6.1 Fighting
 + Level 6.6 Maces & Flails
 + Level 6.3 Armour
 + Level 3.1 Dodging
 + Level 9.0 Shields


You had 5 spell levels left.
You didn't know any spells.

Dungeon Overview and Level Annotations

Branches:
Dungeon (1/1)

Altars:
Cheibriados
Dithmenos
Elyvilon
Fedhas
Gozag
Hepliaklqana
Kikubaaqudgha
Makhleb
Nemelex Xobeh
Okawaru
Qazlal
Ru
Sif Muna
Trog
Uskayaw
Vehumet
Xom
Yredelemnul
Zin
The Shining One
Beogh
Jiyva
Lugonu


Innate Abilities, Weirdness & Mutations

You cannot be hasted, slowed, berserked, paralysed or teleported.
You can dig through walls and to a lower floor.
Your four strong arms can wield two-handed weapons with a shield.
You have a pair of large antennae on your head. (SInv)


Message History

Your Shields skill gained 3 levels and is now at level 9!
You have reached level 5!
You have reached level 6!
Your experience leads to an increase in your attributes!
Your base attributes are Str 21, Int 7, Dex 11.
Increase (S)trength, (I)ntelligence, or (D)exterity?
You feel agile.
Unknown command.
You sock the hill giant! You freeze the hill giant.
The hill giant is moderately wounded.
The hill giant hits you with a giant club!!
Ouch! That really hurt!
* * * LOW HITPOINT WARNING * * *
You thump the hill giant! You freeze the hill giant.
The hill giant is heavily wounded.
The hill giant closely misses you.
You barely miss the hill giant.
The hill giant is heavily wounded.
The hill giant hits you with a giant club!
You die... {{{{{{{ {{{{{{{ { ▓▓▓▓▓▓▓▓▓▓▓▓▓▓▓▓▓▓▓▓▓▓▓▓ ______.'..|)[..?@CChyy.. ▓▓▓▓▓▓▓▓▓▓▓▓▓▓▓▓▓▓▓▓▓▓▓▓

You could see 2 hill giants, a hound and 2 killer bees.

Vanquished Creatures
  A hippogriff (D)
  A quasit (D)
  A hound (D)
  A dart slug (D)
  A leopard gecko (D)
  2 bats (D)
  2 bat skeletons (D)
  A goblin (D)
  A ball python (D)
11 creatures vanquished.

Notes
Turn   | Place    | Note
-------+----------+-------------------------------------------
     0 | D        | Faca the Formicid Fighter began the quest for the Orb.
     0 | D        | Reached XP level 1. HP: 18/18 MP: 1/1
     5 | D        | Reached skill level 4 in Shields
    30 | D        | Reached XP level 2. HP: 19/25 MP: 2/2
    98 | D        | Noticed a quasit
   110 | D        | Reached skill level 5 in Shields
   110 | D        | Reached XP level 3. HP: 19/32 MP: 3/3
   123 | D        | Reached skill level 5 in Fighting
   123 | D        | Reached skill level 5 in Armour
   123 | D        | Reached skill level 1 in Dodging
   123 | D        | Reached skill level 6 in Shields
   123 | D        | Reached XP level 4. HP: 17/39 MP: 4/4
   298 | D        | Found a roughly hewn altar of Beogh.
   298 | D        | Found a snail-covered altar of Cheibriados.
   298 | D        | Found a shadowy altar of Dithmenos.
   298 | D        | Found a white marble altar of Elyvilon.
   298 | D        | Found a blossoming altar of Fedhas.
   298 | D        | Found an opulent altar of Gozag.
   299 | D        | Found a hazy altar of Hepliaklqana.
   300 | D        | Found a viscous altar of Jiyva.
   301 | D        | Found an ancient bone altar of Kikubaaqudgha.
   302 | D        | Found a corrupted altar of Lugonu.
   303 | D        | Found a burning altar of Makhleb.
   304 | D        | Found a sparkling altar of Nemelex Xobeh.
   305 | D        | Found an iron altar of Okawaru.
   306 | D        | Found a stormy altar of Qazlal.
   307 | D        | Found a sacrificial altar of Ru.
   308 | D        | Found a deep blue altar of Sif Muna.
   309 | D        | Found a bloodstained altar of Trog.
   310 | D        | Found a hide-covered altar of Uskayaw.
   311 | D        | Found a radiant altar of Vehumet.
   312 | D        | Found a shimmering altar of Xom.
   313 | D        | Became a worshipper of Warmaster Okawaru
   314 | D        | Found a basalt altar of Yredelemnul.
   315 | D        | Found a glowing silver altar of Zin.
   316 | D        | Found a glowing golden altar of the Shining One.
   334 | D        | Got the +2 morningstar of Cesecedgh {freeze, Str+4 Int-5}
   368 | D        | Noticed a hippogriff
   368 | D        | Noticed a hill giant
   368 | D        | Noticed a hill giant
   373 | D        | Killed a hippogriff
   373 | D        | Reached skill level 9 in Shields
   373 | D        | Reached XP level 5. HP: 38/46 MP: 5/5
   373 | D        | Reached XP level 6. HP: 43/52 MP: 6/6
   376 | D        | Slain by a hill giant

Vault maps used:
D:        linesprint

Skill      XL: |  1  2  3  4 |
---------------+-------------+-----
Shields        | 4 5 6 9 |  9.0
Fighting       | 4 5 6 |  6.1
Maces & Flails | 3 4 6 |  6.6
Armour         | 4 5 6 |  6.3
Dodging        | 1 3 |  3.1

Action                   |  1- 3 |  4- 6 || total
-------------------------+-------+-------++-------
Melee: Flail             |    53 |     7 ||    60
       Morningstar       |       |     8 ||     8
Armor: Scale mail        |    42 |    13 ||    55
Dodge: Dodged            |    34 |    11 ||    45
Block: Shield            |    46 |    13 ||    59
